 Dungeon Crawl Stone Soup version 0.31-a0-1309-gbf3fed316f (webtiles) character file.

Game seed: 4501256970437455911

190 Bnni the Digger (level 6, -2/44 HPs)
             Began as a Formicid Earth Elementalist on Dec 20, 2023.
             Slain by an orc priest
             ... wielding a +0 flail
              (8 damage)
             ... on level 3 of the Dungeon.
             The game lasted 00:07:43 (2662 turns).

Bnni the Digger (Formicid Earth Elementalist)       Turns: 2662, Time: 00:07:44

Health: -2/44      AC:  2    Str: 12    XL:     6   Next: 1%
Magic:  7/10       EV: 12    Int: 17    God:
Gold:   14         SH:  0    Dex: 14    Spells: 5/11 levels left

rFire   . . .        i - +4 sling
rCold   + . .        (no shield)
rNeg    . . .        a - +0 robe
rPois   .            (helmet unavailable)
rElec   .            (no cloak)
rCorr   .            (no gloves)
SInv    +            (no boots)
Will    .....        (no amulet)
Stlth   ++           g - ring of protection from cold
HPRegen 0.27/turn    (no ring)
MPRegen 0.12/turn

%: no passive effects
@: no status effects
A: permanent stasis, dig shafts and tunnels, antennae 3, four strong arms
a: Dig, Shaft Self


You were on level 3 of the Dungeon.
You visited 1 branch of the dungeon, and saw 4 of its levels.

You collected 36 gold pieces.
You spent 22 gold pieces at shops.

Inventory:

Hand Weapons
 c - a +1 whip of flaming
 i - a +4 sling (weapon)
Armour
 a - a +0 robe (worn)
Jewellery
 g - a ring of protection from cold (left hand)
Scrolls
 d - a scroll of fear {unknown}
 e - a scroll of immolation {unknown}
 h - a scroll of vulnerability
Potions
 b - a potion of magic
 j - a potion of enlightenment {unknown}
 k - 2 potions of heal wounds
 l - a potion of curing {unknown}


   Skills:
 + Level 2.0 Fighting
 - Level 1.7 Dodging
 - Level 2.4 Stealth
 + Level 3.0 Spellcasting
 * Level 2.1 Conjurations
 - Level 2.0 Transmutations
 * Level 5.3 Earth Magic


You had 5 spell levels left.
You knew the following spells:

 Your Spells              Type           Power      Damage    Failure   Level
a - Sandblast             Erth           40%        2d10      1%          1
b - Passwall              Tmut/Erth      12%        N/A       6%          2
c - Stone Arrow           Conj/Erth      30%        3d8       12%         3

Your spell library contained the following spells:

 Spells                   Type           Power      Damage    Failure   Level
 Brom's Barrelling Bould  Conj/Erth      15%        2d4       36%         4
 Petrify                  Tmut/Erth      15%        N/A       36%         4


Dungeon Overview and Level Annotations

Branches:
Dungeon (4/15)
 Temple: D:4-7

Altars:
Kikubaaqudgha

Shops:
D:2 ?


Innate Abilities, Weirdness & Mutations

You cannot be hasted, slowed, berserked, paralysed or teleported.
You can dig through walls and to a lower floor.
You have a pair of large antennae on your head. (SInv)
Your four strong arms can wield two-handed weapons with a shield.


Message History

Beogh smites you!
The orc priest invokes the aid of Beogh against you.
Beogh smites you! The endoplasm closely misses you.
Unknown command.
Unknown command.
Fire: i) +4 sling
Press: ? - help, Q - select action, (/) - cycle Shift-Dir - straight line, f/p - endoplasm
Aim: an endoplasm (severely wounded, 86% to hit)
You shoot a sling bullet. The sling bullet hits the endoplasm.
You kill the endoplasm!
Unknown command.
Casting: Sandblast (safe; 1% risk of failure)
Confirm with . or Enter, or press ? or * to list all spells.
Aiming: Sandblast (safe; 1% risk of failure)
Press: ? - help, Shift-Dir - straight line, f - orc priest
Aim: an orc priest, wielding a +0 flail (83% to hit)
The blast of sand hits the orc priest.
The orc priest is moderately wounded.
The orc priest mumbles some strange prayers to Beogh against you.
Beogh smites you!
* * * LOW HITPOINT WARNING * * *
The orc hits you with a +0 club.
* * * LOW HITPOINT WARNING * * *
The orc priest hits you with a +0 flail.
* * * LOW HITPOINT WARNING * * *
You climb upwards.
There is a stone staircase leading down here.
Unknown command.
Unknown command.
Casting: Sandblast (safe; 1% risk of failure)
Confirm with . or Enter, or press ? or * to list all spells.
Aiming: Sandblast (safe; 1% risk of failure)
Press: ? - help, Shift-Dir - straight line, f - orc priest
Aim: an orc priest, wielding a +0 flail (moderately wounded, 83% to hit)
The blast of sand hits the orc priest.
The orc priest is heavily wounded.
The orc hits you with a +0 club.
* * * LOW HITPOINT WARNING * * *
The orc priest hits you with a +0 flail!
You die...

##.#.............................
##.#.##...###.##.##.#####.####..#
##.#>##...# #.##.##.# #.# #..#
##<#.##...# #.##.##.# #.####..#
..........###.##.##.# #.......#
##.#.##....<..##.##.# #.###...#
##.#.##...######.##.# #.###....
.....##...######o##.# #.......#
...............o@...# #.###...#
##.#####......##.##.# #.......#
##.# #.#.##.##....# #..##....
##### #.#.##.##.########..#.....
....# #.#.......................
###.# #.#..#.##.########..#.....
###.####.#.......# #..#....#
..............##.########..#.....
......##......##.................


You could see an orc priest and an orc.

Vanquished Creatures
  An orc priest (D:3)
  4 adders
  3 gnolls (D:2)
  A worm (D:3)
  3 dart slugs
  6 orcs
  7 endoplasms
  7 giant cockroaches
  3 goblins
  8 hobgoblins
  3 jackals (D:4)
  5 quokkas
  8 ball pythons
  7 bats
  6 kobolds
  6 rats
78 creatures vanquished.

Notes
Turn   | Place    | Note
-------+----------+-------------------------------------------
     0 | D:1      | Bnni the Formicid Earth Elementalist began the quest for
                  | the Orb.
     0 | D:1      | Reached XP level 1. HP: 13/13 MP: 3/3
   120 | D:1      | Reached XP level 2. HP: 13/20 MP: 1/5
   274 | D:1      | Reached skill level 4 in Earth Magic
   491 | D:1      | Reached XP level 3. HP: 22/25 MP: 2/6
   494 | D:1      | Learned a level 2 spell: Passwall
   498 | D:1      | Learned a level 3 spell: Stone Arrow
   601 | D:1      | Reached skill level 1 in Fighting
   948 | D:2      | Reached XP level 4. HP: 27/32 MP: 3/7
  1167 | D:2      | Found Bicwanae's Magic Scroll Shop.
  1175 | D:2      | Bought a scroll of identify for 22 gold pieces
  1228 | D:2      | Reached skill level 1 in Conjurations
  1235 | D:2      | Reached XP level 5. HP: 37/37 MP: 4/9
  1705 | D:3      | Reached skill level 5 in Earth Magic
  1782 | D:3      | Found an ancient bone altar of Kikubaaqudgha.
  2657 | D:4      | Reached XP level 6. HP: 41/44 MP: 8/10
  2662 | D:3      | Slain by an orc priest

Illustrated notes

Levels and vault maps discovered:
D:1:      lemuel_arrival_river_passageway, layout_basic
D:2:      layout_loops_ring, serial_shops, shop
D:3:      layout_basic, mainiacjoe_overflow_boulevard
D:4:      layout_cave_pools, nicolae_overflow_crystal_walls,
          nicolae_overflow_hidden_temple, hangedman_minor_gate_pass

Skill      XL: |  1  2  3  4  5 |
---------------+----------------+-----
Earth Magic    | 4 5 |  5.3
Transmutations | 2 |  2.0
Fighting       | 1 2 |  2.0
Conjurations   | 1 2 |  2.1
Spellcasting   | 3 |  3.0
Dodging        | |  1.7
Stealth        | |  2.4

Action                     |  1- 3 |  4- 6 || total
---------------------------+-------+-------++-------
  Melee: Whip              |    18 |       ||    18
   Fire: Sling             |       |    69 ||    69
   Cast: Sandblast         |    44 |    27 ||    71
    Use: Scroll            |       |     2 ||     2
 Armour: Robe              |    23 |    21 ||    44
  Dodge: Dodged            |    24 |    18 ||    42

Table legend: (Time is in decaauts)
 A = Elapsed time spent in this place.
 B = Non-inter-level travel time spent in this place.
 C = Inter-level travel time spent in this place.
 D = Time resting spent in this place.
 E = Time spent auto-exploring this place.
 F = Levels seen in this place.
 G = Mean time per level.
                   A        B        C        D        E       F      G
               +--------+--------+--------+--------+--------+-----+--------+
         Total |   2733 |   2643 |     90 |    134 |   2084 |   4 |  683.2 |
       Dungeon |   2733 |   2643 |     90 |    134 |   2084 |   4 |  683.2 |
               +--------+--------+--------+--------+--------+-----+--------+

Top non-repeatable levels by time:
     D:3: 1055 daAuts
     D:1: 842 daAuts
     D:2: 801 daAuts
     D:4: 35 daAuts
